 Dungeon Crawl Stone Soup version 0.23.2-40-g277498a (webtiles) character file.

Game seed: 14141146642433340416

6 CrazyJ the Caller (level 1, -6/14 HPs)
             Began as a Draconian Summoner on Sept 15, 2019.
             Mangled by a hobgoblin
             ... wielding a +0 club
              (7 damage)
             ... on level 1 of the Dungeon.
             The game lasted 00:02:25 (342 turns).

CrazyJ the Caller (Draconian Summoner)               Turns: 342, Time: 00:02:25

Health: -6/14      AC:  4    Str: 10    XL:     1   Next: 75%
Magic:  1/3        EV: 12    Int: 15    God:
Gold:   0          SH:  0    Dex: 11    Spells: 3/4 levels left

rFire    . . .     SeeInvis .   d - +0 club
rCold    . . .     Gourm    .   (no shield)
rNeg     . . .     Faith    .   (armour unavailable)
rPois    .         Spirit   .   (helmet restricted)
rElec    .         Reflect  .   (no cloak)
rCorr    .         Harm     .   (no gloves)
MR       .....                  (no boots)
Stlth    ++........             (no amulet)
HPRegen  0.04/turn              (no ring)
MPRegen  0.08/turn              (no ring)

@: no status effects
A: unfitting armour, cold-blooded, AC +4
a: no special abilities


You were on level 1 of the Dungeon.
You were not hungry.

You visited 1 branch of the dungeon, and saw 1 of its levels.

Inventory:

Hand Weapons
 d - a +0 club (weapon)
 g - a +0 whip
Missiles
 a - a throwing net (quivered)
 h - 29 stones
 i - 11 poisoned needles
Scrolls
 e - a scroll of magic mapping {unknown}
 k - a scroll of remove curse {unknown}
Potions
 c - a potion of heal wounds {unknown}
 j - a potion of flight {unknown}
Comestibles
 b - 4 rations


   Skills:
 + Level 1.7 Dodging
 + Level 1.7 Stealth
 + Level 2.2 Spellcasting
 + Level 4.2 Summonings


You had 3 spell levels left.
You knew the following spells:

 Your Spells              Type           Power        Failure   Level  Hunger
a - Summon Small Mammal   Summ           ##..         3%          1    #......

Your spell library contained the following spells:

 Spells                   Type           Power        Failure   Level  Hunger
 Call Imp                 Summ           ##......     6%          2    ###....
 Call Canine Familiar     Summ           ##......     12%         3    ###....
 Summon Guardian Golem    Hex/Summ       #.......     28%         3    ###....
 Summon Ice Beast         Ice/Summ       #.......     67%         4    #####..
 Summon Lightning Spire   Summ/Air       #.......     67%         4    #####..


Dungeon Overview and Level Annotations

Branches:
Dungeon (1/15)

Altars:

Annotations:
D:1 1 runed translucent door


Innate Abilities, Weirdness & Mutations

Your plain brown scales are hard. (AC +4)
You cannot fit into any form of body armour.
You are cold-blooded and may be slowed by cold attacks.


Message History

Your bat hits the hobgoblin but does no damage.
You barely miss the hobgoblin.
The hobgoblin is heavily wounded.
Your bat misses the hobgoblin. x2; The bat hits you but does no damage.
Your bat closely misses the hobgoblin.
The bat barely misses you.
The hobgoblin hits you but does no damage.
The hobgoblin hits you with a +0 club.
* * * LOW HITPOINT WARNING * * *
You barely miss the hobgoblin.
The hobgoblin is heavily wounded.
Your bat barely misses the hobgoblin.
The bat barely misses you. x2
Your bat hits the hobgoblin but does no damage.
The hobgoblin barely misses you. The bat misses you.
Unknown command.
You barely miss the hobgoblin.
The hobgoblin is heavily wounded.
Your bat barely misses the hobgoblin.
The bat barely misses you. The hobgoblin hits you with a +0 club!
Ouch! That really hurt!
You die...

.### .. .... .##### .....
..... . .?...###..# # ..
..........# #. #. #.b..#
#.# #. ... #.$..####..### #
...### #......###...## #
....... #@g.b......#..####
....... #$...####.........
#......###b#.# ###.......
..#.#...##.#.# #.#.....
#.............#.# #.......
#...............## ###.....
..........###...# #.....
...............#########...
#.......#####........#..#.


You could see a hobgoblin, a bat and 2 friendly bats.

Vanquished Creatures
  2 goblins (D:1)
  A kobold (D:1)
  A rat (D:1)
4 creatures vanquished.

Vanquished Creatures (collateral kills)
  A bat (D:1)
  A rat (D:1)
2 creatures vanquished.

Grand Total: 6 creatures vanquished

Notes
Turn   | Place    | Note
-------+----------+-------------------------------------------
     0 | D:1      | CrazyJ the Draconian Summoner began the quest for the Orb.
     0 | D:1      | Reached XP level 1. HP: 14/14 MP: 3/3
     1 | D:1      | Found a runed translucent door.
   342 | D:1      | Mangled by a hobgoblin

Action                   || total
-------------------------++-------
Melee: Club              ||    19
       Tailslap          ||     2
       Unarmed           ||     1
 Cast: Summon Small Mamm ||     8
Armor: Skin              ||    27
Dodge: Dodged            ||    49
